 Dungeon Sprint DCSS version 0.20.1-1-g8b1a95d (webtiles) character file.

499 potatolord6000 the Thaumaturge (level 6, -4/32 HPs)
             Began as a Deep Elf Summoner on Aug 30, 2017.
             Was a Priest of Sif Muna.
             Slain by a jumping spider (20 damage)
             ... in the Dungeon (Sprint V: "Ziggurat Sprint").
             The game lasted 00:04:21 (494 turns).

potatolord6000 the Thaumaturge (Deep Elf Summoner)   Turns: 494, Time: 00:04:23

Health: -4/32      AC:  2    Str:  5    XL:     6   Next: 94%
Magic:  2/26       EV: 18    Int: 34    God:    Sif Muna [***...]
Gold:   0          SH:  0    Dex: 15    Spells: 12/23 levels left

rFire    . . .     SeeInvis .   j - +6 Majin-Bo {vamp, Archmagi MP+6 Int+6}
rCold    . . .     Gourm    .   (shield currently unavailable)
rNeg     . . .     Faith    +   a - +0 robe
rPois    .         Spirit   .   (no helmet)
rElec    .         Reflect  .   (no cloak)
rCorr    .         Harm     .   (no gloves)
MR       +....     NoTele   +   (no boots)
Stlth    ++........             C - amulet "Lumi Acu" {Faith MR+}
Regen    0.1/turn               B - +6 ring of intelligence
MPRegen  0.2/turn               m - ring of wizardry

@: very slightly contaminated
A: no striking features
a: Divine Energy, Channel Magic, Renounce Religion


You were in the Dungeon.
You worshipped Sif Muna.
Sif Muna was most pleased with you.
You were very full.

You visited 1 branch

Inventory:

Hand Weapons
 j - the +6 Majin-Bo (weapon) {vamp, Archmagi MP+6 Int+6}
   (You found it in the Dungeon)

   It inflicts no extra harm, but heals its wielder when it wounds a living foe.
   It affects your intelligence (+6).
   It affects your magic capacity (+6).
Armour
 a - a +0 robe (worn)
Jewellery
 m - a ring of wizardry (right hand)
 B - a +6 ring of intelligence (left hand)
 C - the amulet "Lumi Acu" (around neck) {Faith MR+}
   (You found it in the Dungeon)

   [amulet of faith]

   It allows you to gain divine favour quickly.
   It affects your resistance to hostile enchantments.
Wands
 A - a wand of disintegration (7/24)
 D - a wand of iceblast (5/15)
 E - a wand of lightning (5/15)
 F - a wand of acid (5/15)
Scrolls
 i - 4 scrolls of blinking
 p - 4 scrolls of amnesia
 q - 3 scrolls of recharging
 r - 7 scrolls of fog
 s - a scroll of holy word
 t - 5 scrolls of identify
 u - 5 scrolls of remove curse
 v - 2 scrolls of fear
Potions
 c - 2 potions of brilliance
 d - 6 potions of curing
 e - 10 potions of heal wounds
 f - 5 potions of haste
 g - 7 potions of magic
 h - 3 potions of berserk rage
 k - a potion of invisibility
 l - 4 potions of resistance
 n - 4 potions of agility
 o - 4 potions of might
Books
 b - a book of Callings

   Spells                             Type                      Level
   a - Summon Small Mammal            Summoning                    1
   b - Call Imp                       Summoning                    2
   c - Call Canine Familiar           Summoning                    3
   d - Summon Guardian Golem          Hexes/Summoning              3
   e - Summon Lightning Spire         Summoning/Air                4
   f - Summon Ice Beast               Ice/Summoning                4
Miscellaneous
 y - a crystal ball of energy
Comestibles
 w - 41 fruits
 x - 3 bread rations
 z - 4 meat rations


   Skills:
 + Level 6.7 Staves
 + Level 8.6 Dodging
 - Level 2.4 Stealth
 + Level 9.4 Spellcasting
 + Level 8.7 Summonings
 + Level 7.2 Evocations


You had 12 spell levels left.
You knew the following spells:

 Your Spells              Type           Power        Failure   Level  Hunger
a - Summon Small Mammal   Summ           ####         1%          1    None
b - Call Canine Familiar  Summ           #######.     1%          3    None
c - Summon Guardian Gole  Hex/Summ       ######..     1%          3    None
d - Summon Ice Beast      Ice/Summ       ######..     1%          4    None


Dungeon Overview and Level Annotations

Branches:
Dungeon (1/1)

Altars:
Ashenzari
Cheibriados
Dithmenos
Elyvilon
Fedhas
Gozag
Hepliaklqana
Kikubaaqudgha
Makhleb
Nemelex Xobeh
Okawaru
Qazlal
Ru
Sif Muna
Trog
Uskayaw
Vehumet
Xom
Yredelemnul
Zin
The Shining One
Beogh
Jiyva
Lugonu

Annotations:
D 1 transporter


Message History

The jumping spider bites your ice beast but does no damage.
Your ice beast hits the jumping spider.
Your ice beast freezes the jumping spider!!
The jumping spider dies!
Sif Muna accepts your kill.
You can now call upon Sif Muna for magical energy.
Your Spellcasting skill increases to level 9!
Your Evocations skill increases to level 7!
The scorpion misses your ice beast.
Unknown command.
The jumping spider leaps!
Your ice beast closely misses the scorpion.
The scorpion stings your ice beast.
The jumping spider leaps!
Something pounces on your ice beast! Something bites your ice beast.
Your ice beast hits the scorpion.
Your ice beast freezes the scorpion!
The scorpion dies!
Sif Muna accepts your kill. The jumping spider pounces on you!!
Ouch! That really hurt!
You die...

▓.....▓.....▓▓▓▓▓▓▓
▓▓▓▓▓▓▓▓▓▓▓▓▓▓
▓..8©8...▓
▓..=|?...▓
▓§..[....▓
▓......§.▓
▓.§.†h8.s▓
▓.▓..Y†▓Y▓
▓....s@Y.▓
▓▓▓▓▓▓▓▓▓▓


You could see a jumping spider, a friendly guardian golem (inner flame), a
friendly warg and 3 friendly ice beasts.

Vanquished Creatures
  2 scorpions (D)
2 creatures vanquished.

Vanquished Creatures (collateral kills)
  A jumping spider (D)
  Sigmund (D)
  A tarantella (D)
  Blork the orc (D)
  4 scorpions (D)
  Jessica (D)
9 creatures vanquished.

Grand Total: 11 creatures vanquished

Notes
Turn   | Place    | Note
-------+----------+-------------------------------------------
     0 | D        | potatolord6000 the Deep Elf Summoner began the quest for the Orb.
     0 | D        | Reached XP level 1. HP: 10/10 MP: 6/6
     0 | D        | Found a deep blue altar of Sif Muna.
     0 | D        | Found a bloodstained altar of Trog.
     0 | D        | Found a sacrificial altar of Ru.
     0 | D        | Found a stormy altar of Qazlal.
     0 | D        | Found an iron altar of Okawaru.
     3 | D        | Found a sparkling altar of Nemelex Xobeh.
     4 | D        | Found an ancient bone altar of Kikubaaqudgha.
     4 | D        | Found a corrupted altar of Lugonu.
     4 | D        | Found a transporter.
     4 | D        | Found a burning altar of Makhleb.
     4 | D        | Found a viscous altar of Jiyva.
     4 | D        | Found a hazy altar of Hepliaklqana.
    13 | D        | Found an opulent altar of Gozag.
    22 | D        | Found a blossoming altar of Fedhas.
    53 | D        | Became a worshipper of Sif Muna the Loreminder
    71 | D        | Reached skill level 5 in Spellcasting
    71 | D        | Reached skill level 5 in Summonings
    71 | D        | Reached XP level 2. HP: 15/15 MP: 10/10
    95 | D        | Entered arena 2.
    95 | D        | Noticed a scorpion
    95 | D        | Noticed a scorpion
    95 | D        | Found a transporter.
   103 | D        | Killed a scorpion
   103 | D        | Reached * piety under Sif Muna
   103 | D        | Reached skill level 5 in Dodging
   103 | D        | Reached XP level 3. HP: 19/19 MP: 12/12
   106 | D        | Killed a scorpion
   106 | D        | Reached skill level 6 in Spellcasting
   106 | D        | Reached XP level 4. HP: 24/24 MP: 14/14
   111 | D        | Learned a level 3 spell: Call Canine Familiar
   115 | D        | Learned a level 3 spell: Summon Guardian Golem
   120 | D        | Learned a level 4 spell: Summon Ice Beast
   162 | D        | Entered arena 3.
   162 | D        | Noticed Sigmund
   162 | D        | Noticed Jessica
   162 | D        | Noticed Blork the orc
   162 | D        | Found a transporter.
   167 | D        | Killed Sigmund
   167 | D        | Reached skill level 5 in Staves
   167 | D        | Reached skill level 7 in Spellcasting
   167 | D        | Reached skill level 5 in Evocations
   167 | D        | Reached XP level 5. HP: 28/28 MP: 1/16
   168 | D        | Killed Blork the orc
   169 | D        | Killed Jessica
   169 | D        | Reached ** piety under Sif Muna
   176 | D        | Got the amulet "Lumi Acu" {Faith MR+}
   277 | D        | Entered arena 4.
   277 | D        | Noticed a tarantella
   277 | D        | Found a transporter.
   283 | D        | Reached skill level 8 in Spellcasting
   285 | D        | Reached XP level 6. HP: 20/32 MP: 8/19
   289 | D        | Killed a tarantella
   300 | D        | Identified the Catalogue of the Invisible Curses (You found it in the Dungeon)
   485 | D        | Entered arena 5.
   485 | D        | Noticed a jumping spider
   485 | D        | Noticed a jumping spider
   485 | D        | Noticed a jumping spider
   485 | D        | Found a transporter.
   492 | D        | Killed a jumping spider
   492 | D        | Reached *** piety under Sif Muna
   492 | D        | Reached skill level 9 in Spellcasting
   494 | D        | Slain by a jumping spider

Skill      XL: |  1  2  3  4  5  6 |
---------------+-------------------+-----
Staves         | 3 4 5 6 |  6.7
Dodging        | 4 5 6 7 8 |  8.6
Spellcasting   | 5 6 7 8 9 |  9.4
Summonings     | 5 6 7 8 |  8.7
Evocations     | 3 4 5 6 7 |  7.2
Stealth        | |  2.4

Action                   |  1- 3 |  4- 6 || total
-------------------------+-------+-------++-------
Melee: Quarterstaff      |     5 |     3 ||     8
 Cast: Summon Small Mamm |     4 |       ||     4
       Summon Ice Beast  |       |     8 ||     8
       Call Canine Famil |       |     3 ||     3
       Summon Guardian G |       |     3 ||     3
Evoke: Crystal ball of e |       |     4 ||     4
  Use: Potion            |     6 |     3 ||     9
 Stab: Invisible         |     1 |       ||     1
  Eat: Bread ration      |     2 |       ||     2
       Fruit             |     1 |       ||     1
Dodge: Dodged            |     1 |     1 ||     2
